 Dungeon Crawl Stone Soup version 0.28.0-62-gf88900778d (webtiles) character file.

Game seed: 10292794454736354484

594 jjjjhere the Slicer (level 7, 0/61 HPs)
             Began as a Kobold Berserker on Aug 18, 2023.
             Was a Priest of Trog.
             Slain by a scorpion (1 damage)
             ... on level 5 of the Dungeon on Aug 19, 2023.
             The game lasted 00:06:22 (4521 turns).

jjjjhere the Slicer (Kobold Berserker)              Turns: 4521, Time: 00:06:23

Health: 0/61       AC: 23    Str: 16    XL:     7   Next: 67%
Magic:  7/7        EV:  3    Int:  8    God:    Trog [***...]
Gold:   317        SH:  0    Dex: 15    Spells: 6/6 levels left

rFire   . . .      SeeInvis .   d - +0 short sword (drain)
rCold   . . .      Faith    .   (no shield)
rNeg    . . .      Spirit   .   (armour currently unavailable)
rPois   +          Reflect  .   (helmet currently unavailable)
rElec   .          Harm     .   (cloak currently unavailable)
rCorr   .          Rampage  .   (gloves currently unavailable)
Will    .....      NoTele   +   (boots currently unavailable)
Stlth   +++++.....              (no amulet)
HPRegen 0.20/turn               (no ring)
MPRegen 0.10/turn               (no ring)

@: lethally poisoned (0 -> -3), tree-form
A: stationary, stasis, torment immunity, boosted hp, small, no large weapons,
nightstalker 3
a: Renounce Religion, Berserk, Trog's Hand


You were on level 5 of the Dungeon.
You worshipped Trog.
Trog was most pleased with you.
You were a tree.
You visited 1 branch of the dungeon, and saw 5 of its levels.

You collected 317 gold pieces.

Inventory:

Hand Weapons
 a - a +0 short sword
 d - a +0 short sword of draining (weapon)
 m - a +0 dagger of venom
 t - the +4 war axe of the Lamprey {drain, rPois}
   (You found it on level 5 of the Dungeon)

   A truly terrible weapon, it drains the life of any living foe it strikes.
   rPois:     It protects you from poison.
Armour
 b - a +0 animal skin (melded)
 c - a +0 cloak (melded)
Wands
 o - a wand of mindburst (12)
Scrolls
 g - a scroll of fog {unknown}
 h - 3 scrolls of vulnerability {unknown}
 i - 2 scrolls of enchant weapon {unknown}
 j - 3 scrolls of identify {unknown}
 n - a scroll of teleportation {unknown}
 p - a scroll of summoning {unknown}
 r - 2 scrolls of enchant armour {unknown}
 u - 3 scrolls of blinking {unknown}
Potions
 e - a potion of lignification
 k - a potion of degeneration {unknown}
 l - a potion of might {unknown}
 q - a potion of berserk rage {unknown}
 s - a potion of invisibility {unknown}


   Skills:
 - Level 3.2 Fighting
 + Level 8.2 Short Blades
 - Level 1.5 Armour
 - Level 2.4 Dodging
 + Level 7.7 Stealth


You had 6 spell levels left.
You didn't know any spells.
Your spell library was empty.

Dungeon Overview and Level Annotations

Branches:
Dungeon (5/15)
 Temple: D:4-7

Altars:

Shops:
D:3 *[


Innate Abilities, Weirdness & Mutations

You are a tree.
Your roots penetrate the ground, keeping you stationary.
You cannot be teleported.
You are immune to unholy pain and torment.
Your maximum health is greatly increased.
Your equipment is partially melded.
You are small and have problems with some larger weapons.
You are completely attuned to the shadows.


Message History

You are more poisoned.
The scorpion poisons you!
You are too injured to fight recklessly!
You closely miss the scorpion.
You feel very sick. The scorpion closely misses you.
You hit the scorpion.
The scorpion is lightly wounded.
You feel very sick. The scorpion completely misses you.
You barely miss the scorpion.
The scorpion is lightly wounded.
You feel sick. The scorpion stings you.
You hit the scorpion but do no damage. You drain the scorpion.
The scorpion is moderately wounded.
* * * LOW HITPOINT WARNING * * *
You feel sick.
You barely miss the scorpion.
The scorpion is moderately wounded.
* * * LOW HITPOINT WARNING * * *
You feel sick. The scorpion closely misses you.
* * * LOW HITPOINT WARNING * * *
You feel sick. The scorpion stings you.
* * * LOW HITPOINT WARNING * * *
It was a potion of lignification.
You turn into a tree.
Your +0 cloak melds into your body.
Your +0 animal skin melds into your body.
Your roots penetrate the ground.
* * * LOW HITPOINT WARNING * * *
You feel sick.
The scorpion stings you but does no damage.
You hit the scorpion but do no damage.
The scorpion is moderately wounded.
* * * LOW HITPOINT WARNING * * *
You feel sick.
The scorpion stings you but does no damage.
It was a potion of flight.
Your roots keep you in place.
* * * LOW HITPOINT WARNING * * *
You feel sick. The scorpion stings you.
You die...

......
...... #.[.#
##...##
#.s....
#.♣....
#......
####'####+##
............
............
............
............
............
............


You could see a scorpion (drained).

Vanquished Creatures
  A necrophage (D:4)
  An ogre (D:3)
  2 centaur zombies
  2 orc priests
  2 hounds
  An iguana (D:5)
  2 orc wizards
  7 adders
  A worm (D:2)
  A dart slug (D:1)
  14 orcs
  3 endoplasms
  2 giant cockroaches
  4 goblins
  10 hobgoblins
  9 jackals
  4 kobolds
  7 quokkas
  8 ball pythons
  7 bats
  3 frilled lizards
  5 rats
96 creatures vanquished.

Notes
Turn   | Place    | Note
-------+----------+-------------------------------------------
     0 | D:1      | jjjjhere the Kobold Berserker began the quest for the Orb.
     0 | D:1      | Reached XP level 1. HP: 14/14 MP: 1/1
    54 | D:1      | Reached skill level 1 in Stealth
   399 | D:1      | Reached XP level 2. HP: 19/19 MP: 2/2
   499 | D:1      | Found a faded altar of an unknown god.
   914 | D:2      | Reached XP level 3. HP: 13/23 MP: 3/3
  1103 | D:2      | Reached skill level 5 in Short Blades
  1109 | D:2      | Reached ** piety under Trog
  1218 | D:2      | Reached XP level 4. HP: 28/28 MP: 4/4
  1686 | D:3      | Found Iloshryz's Armour Boutique.
  1796 | D:3      | Found Toati's Assorted Antiques.
  1806 | D:3      | Reached XP level 5. HP: 32/32 MP: 5/5
  1959 | D:3      | Noticed an ogre
  1967 | D:3      | HP: 11/48 [ogre/+0 giant spiked club (5)]
  1968 | D:3      | Killed an ogre
  1969 | D:3      | Reached skill level 6 in Short Blades
  1969 | D:3      | Reached skill level 5 in Stealth
  2408 | D:3      | Reached XP level 6. HP: 37/37 MP: 6/6
  2821 | D:4      | Noticed a necrophage
  2822 | D:4      | Killed a necrophage
  2823 | D:4      | Reached skill level 7 in Short Blades
  2982 | D:4      | Reached XP level 7. HP: 41/41 MP: 7/7
  3138 | D:4      | Reached *** piety under Trog
  3787 | D:5      | Entered Level 5 of the Dungeon
  3960 | D:5      | Identified the +4 war axe of the Lamprey {drain, rPois}
  4317 | D:5      | Reached skill level 8 in Short Blades
  4516 | D:5      | HP: 12/41 [poisoned by a scorpion]
  4518 | D:5      | HP: 2/41 [scorpion (6)]
  4521 | D:5      | Slain by a scorpion

Illustrated notes

Levels and vault maps discovered:
D:1:      minmay_arrival_cross, layout_basic, ebering_ecumenical_altar_ruins,
          serial_park_tiny_2, wander_ebering_terrifying_dragon_lair
D:2:      layout_rooms, minmay_small_reverse_x
D:3:      layout_basic, serial_shops, shop, nicolae_shop_overgrown_old_shop,
          hex_large
D:4:      layout_loops_ring, hangedman_abyss_or_decor_jellyfish_corner
D:5:      layout_gridville

Skill      XL: |  1  2  3  4  5  6  7 |
---------------+----------------------+-----
Stealth        | 1 2 3 4 5 6 7 |  7.7
Short Blades   | 5 6 7 8 |  8.2
Fighting       | |  3.2
Armour         | |  1.5
Dodging        | |  2.4

Action                   |  1- 3 |  4- 6 |  7- 9 || total
-------------------------+-------+-------+-------++-------
Melee: Short sword       |    43 |    89 |   105 ||   237
       Punch             |       |     3 |     1 ||     4
Invok: Berserk           |       |     2 |     2 ||     4
  Use: Potion            |       |       |     2 ||     2
 Stab: Sleeping          |    19 |    18 |     3 ||    40
       Distracted        |       |     1 |       ||     1
Armor: Animal skin       |     5 |    10 |    21 ||    36
       Skin              |       |       |     2 ||     2
Dodge: Dodged            |    18 |    42 |    73 ||   133
